 Dungeon Crawl Stone Soup version 0.22-a0-282-gdd34a7d (webtiles) character file.

11313 RoseArtemis the Basher (level 11, -13/101 HPs)
             Began as a Minotaur Fighter on Mar 17, 2018.
             Was a High Priest of Makhleb.
             Mangled by a komodo dragon (28 damage)
             ... on level 1 of the Lair of Beasts on Mar 18, 2018.
             The game lasted 00:31:34 (12339 turns).

RoseArtemis the Basher (Minotaur Fighter)          Turns: 12339, Time: 00:31:35

Health: -13/101    AC:  5    Str: 22    XL:     11   Next: 47%
Magic:  13/13      EV: 10    Int:  8    God:    Makhleb [*****.]
Gold:   653        SH: 12    Dex: 11    Spells: 10/10 levels left

rFire    . . .     SeeInvis +   a - +4 morningstar
rCold    + . .     Gourm    .   c - +0 shield
rNeg     . . .     Faith    .   (no armour)
rPois    .         Spirit   .   w - +3 crown of Dyrovepreva {rElec Int+2 SInv}
rElec    +         Reflect  .   (no cloak)
rCorr    .         Harm     .   A - +0 pair of gloves
MR       .....                  g - +0 pair of boots
Stlth    +.........             (no amulet)
HPRegen  0.26/turn              K - ring of protection from cold
MPRegen  0.13/turn              (no ring)

@: no status effects
A: retaliatory headbutt, horns 2
a: Minor Destruction, Lesser Servant of Makhleb, Major Destruction, Greater
Servant of Makhleb, Renounce Religion


You were on level 1 of the Lair of Beasts.
You worshipped Makhleb.
Makhleb was extremely pleased with you.
You were not hungry.

You visited 3 branches of the dungeon, and saw 12 of its levels.

You collected 653 gold pieces.

Inventory:

Hand Weapons
 a - a +4 morningstar (weapon)
 e - a +2 mace of freezing
 Q - a +4 flail
Armour
 c - a +0 shield (worn)
 g - a +0 pair of boots (worn)
 w - the +3 crown of Dyrovepreva (worn) {rElec Int+2 SInv}
   (You found it on level 4 of the Dungeon)

   It affects your intelligence (+2).
   It insulates you from electricity.
   It lets you see invisible.
 A - a +0 pair of gloves (worn)
 H - a +2 chain mail of fire resistance
Jewellery
 s - an uncursed ring of magical power
 K - a ring of protection from cold (left hand)
 M - a +1 ring of protection {unknown}
 S - an uncursed ring of magical power
Wands
 r - a wand of random effects (21)
 u - a wand of acid (9)
 y - a wand of polymorph (5)
 D - a wand of scattershot (4)
 G - a wand of enslavement (11)
 R - a wand of clouds (6)
Scrolls
 b - a scroll of identify
 d - a scroll of brand weapon {unknown}
 h - 3 scrolls of remove curse
 i - 2 scrolls of blinking {unknown}
 j - 4 scrolls of enchant weapon
 k - a scroll of fog {unknown}
 l - a scroll of immolation {unknown}
 n - a scroll of amnesia {unknown}
 t - 8 scrolls of teleportation
 E - 3 scrolls of magic mapping {unknown}
 J - 2 scrolls of holy word {unknown}
 N - 5 scrolls of vulnerability {unknown}
 P - a scroll of torment {unknown}
Potions
 m - 2 potions of agility
 o - a potion of mutation {unknown}
 p - 2 potions of lignification
 q - 3 potions of curing
 v - 2 potions of flight
 x - a potion of ambrosia {unknown}
 z - a potion of haste
 B - a potion of berserk rage {unknown}
 C - 2 potions of magic {unknown}
 F - a potion of degeneration {unknown}
 I - a potion of cancellation {unknown}
 O - a potion of heal wounds {unknown}
Comestibles
 f - 20 rations
 L - a chunk of flesh


   Skills:
 + Level 10.4 Fighting
 * Level 13.5 Maces & Flails
 - Level 9.0 Armour
 + Level 10.4 Shields
 + Level 4.7 Invocations


You had 10 spell levels left.
You didn't know any spells.

Dungeon Overview and Level Annotations

Branches:
Dungeon (10/15)            Temple (1/1) D:5            Lair (1/6) D:9
    Orc (0/2) D:10

Altars:
Ashenzari
Cheibriados
Dithmenos
Elyvilon
Fedhas
Gozag
Hepliaklqana
Kikubaaqudgha
Makhleb
Nemelex Xobeh
Okawaru
Qazlal
Ru
Sif Muna
Trog
Uskayaw
Vehumet
Wu Jian
Xom
Yredelemnul
Zin
The Shining One

Shops:
D:4 %   D:5 %   D:7 }   D:10 [

Annotations:
D:3 RoseArtemis's ghost, novice MiFi
D:5 1 runed door
D:10 exclusion: oklob plant


Innate Abilities, Weirdness & Mutations

You reflexively headbutt those who attack you in melee.
You have a pair of horns on your head.


Message History

The komodo dragon is lightly wounded.
You block the komodo dragon's attack.
You hit the komodo dragon.
The komodo dragon is moderately wounded.
You block the komodo dragon's attack. x2
You puncture the komodo dragon!
You headbutt the komodo dragon, but do no damage.
The komodo dragon is severely wounded.
The komodo dragon bites you!
* * * LOW HITPOINT WARNING * * *
You block the komodo dragon's attack.
You barely miss the komodo dragon.
You headbutt the komodo dragon, but do no damage.
The komodo dragon is severely wounded.
The komodo dragon bites you!
* * * LOW HITPOINT WARNING * * *
You barely miss the komodo dragon.
The komodo dragon is severely wounded.
You block the komodo dragon's attack. The komodo dragon bites you!!
You die...

.........# .#
.........# ..
.........##.##.
.............
.............
#............
##..†l...........
##...@l...........#
#..................#
##.................#
###.#..............
##.............##
###............#.
##.............
##............
####.........


You could see 2 komodo dragons.

Vanquished Creatures
  A death yak (D:9)
  Joseph (D:7)
  A gargoyle (D:10)
  3 spiny frogs (Lair:1)
  A troll (D:9)
  Prince Ribbit (D:5)
  A wyvern (D:9)
  A spriggan (D:7)
  7 yaks
  Grum (D:8)
  2 steam dragons (D:10)
  Menkaure (D:4)
  Edmund (D:5)
  Duvessa (D:7)
  2 water moccasins (Lair:1)
  2 orc warriors
  2 ice beasts
  2 black bears
  An ogre (D:8)
  A phantom (D:8)
  3 centaurs
  7 wolves
  2 big kobolds (D:8)
  Blork the orc (D:5)
  4 bullfrogs
  A gnoll sergeant (D:9)
  A wyvern skeleton (D:10)
  Dowan (D:7)
  6 scorpions
  15 killer bees
  13 wights (D:7)
  7 crimson imps
  A howler monkey (D:8)
  2 bullfrog zombies
  A centaur skeleton (D:4)
  2 jellies
  9 orc priests
  4 hounds
  9 orc wizards
  Ijyb (D:3)
  An iguana (D:7)
  Natasha (thrice) (D:3 D:4)
  10 worker ants
  A hound zombie (D:7)
  2 worker ant zombies
  4 gnolls (D:9)
  A howler monkey skeleton (D:4)
  4 adders
  2 shadow imps
  An adder zombie (D:3)
  A worm (D:3)
  2 dart slugs
  7 leopard geckos
  59 orcs
  4 giant cockroaches
  2 gnoll zombies (D:4)
  7 goblins
  8 hobgoblins
  12 jackals
  4 quokkas
  2 ball pythons (D:3)
  5 bats
  5 frilled lizards (D:1)
  17 kobolds
  4 rats
291 creatures vanquished.

Vanquished Creatures (collateral kills)
  2 death yaks (D:9)
  3 yaks (D:9)
  3 killer bees (D:9)
8 creatures vanquished.

Vanquished Creatures (others)
  A wizard (D:6)
1 creature vanquished.

Grand Total: 300 creatures vanquished

Notes
Turn   | Place    | Note
-------+----------+-------------------------------------------
     0 | D:1      | RoseArtemis the Minotaur Fighter began the quest for the Orb.
     0 | D:1      | Reached XP level 1. HP: 19/19 MP: 0/0
   116 | D:1      | Reached XP level 2. HP: 27/27 MP: 1/1
   171 | D:1      | Reached skill level 3 in Maces & Flails
   689 | D:2      | Reached XP level 3. HP: 31/33 MP: 2/2
  1016 | D:2      | Found a burning altar of Makhleb.
  1023 | D:2      | Became a worshipper of Makhleb the Destroyer
  1193 | D:3      | Noticed RoseArtemis's ghost (novice MiFi)
  1605 | D:3      | Reached XP level 4. HP: 39/40 MP: 3/3
  1880 | D:3      | Reached skill level 4 in Maces & Flails
  1984 | D:3      | Noticed Natasha
  1997 | D:3      | Killed Natasha
  2291 | D:3      | Reached XP level 5. HP: 47/47 MP: 4/4
  2687 | D:3      | Reached skill level 5 in Maces & Flails
  2689 | D:3      | Reached * piety under Makhleb
  2833 | D:3      | Noticed Ijyb
  2845 | D:3      | Killed Ijyb
  2845 | D:3      | Reached XP level 6. HP: 50/55 MP: 5/5
  3047 | D:4      | Reached skill level 5 in Fighting
  3047 | D:4      | Reached skill level 5 in Armour
  3047 | D:4      | Reached skill level 5 in Shields
  3252 | D:4      | Found the +3 crown of Dyrovepreva {rElec Int+2 SInv}
  3449 | D:4      | Noticed Natasha
  3463 | D:4      | Killed Natasha
  3501 | D:4      | Reached skill level 6 in Maces & Flails
  3510 | D:4      | Found an ornate altar of the Wu Jian Council.
  3523 | D:4      | Found a snail-covered altar of Cheibriados.
  3532 | D:4      | Reached XP level 7. HP: 46/61 MP: 6/6
  3648 | D:4      | Noticed Natasha
  3653 | D:4      | Killed Natasha
  3671 | D:4      | Noticed Menkaure
  3682 | D:4      | Killed Menkaure
  3851 | D:4      | Found Diorr's Food Boutique.
  3980 | D:4      | Found a basalt altar of Yredelemnul.
  4147 | D:5      | Entered Level 5 of the Dungeon
  4147 | D:5      | Noticed Edmund
  4160 | D:5      | Killed Edmund
  4160 | D:5      | Reached skill level 7 in Maces & Flails
  4498 | D:5      | Found a shadowy altar of Dithmenos.
  4520 | D:5      | Noticed Prince Ribbit
  4537 | D:5      | Killed Prince Ribbit
  4537 | D:5      | Reached XP level 8. HP: 31/70 MP: 7/7
  4728 | D:5      | Found a staircase to the Ecumenical Temple.
  4737 | Temple   | Entered the Ecumenical Temple
  4998 | D:5      | Found Putsozepn's Food Shop.
  5256 | D:5      | Noticed Blork the orc
  5270 | D:5      | Killed Blork the orc
  5580 | D:5      | Found a runed door.
  5679 | D:5      | Reached skill level 8 in Maces & Flails
  5930 | D:6      | Found a sacrificial altar of Ru.
  6537 | D:6      | Reached skill level 9 in Maces & Flails
  6555 | D:6      | Reached XP level 9. HP: 76/79 MP: 8/8
  6557 | D:6      | Reached ** piety under Makhleb
  6831 | D:6      | Found a bloodstained altar of Trog.
  6832 | D:6      | Noticed a wizard
  6838 | D:6      | Killed a wizard
  6969 | D:7      | Found Rexyhan's Gadget Shoppe.
  7091 | D:7      | Noticed Joseph
  7097 | D:7      | Noticed Dowan
  7108 | D:7      | Killed Joseph
  7125 | D:7      | Reached skill level 10 in Maces & Flails
  7130 | D:7      | Noticed Duvessa
  7137 | D:7      | Killed Dowan
  7161 | D:7      | Killed Duvessa
  8116 | D:8      | Reached *** piety under Makhleb
  8259 | D:8      | Found an opulent altar of Gozag.
  8377 | D:8      | Found a sacrificial altar of Ru.
  8377 | D:8      | Found a stormy altar of Qazlal.
  8437 | D:8      | Noticed Grum
  8440 | D:8      | Reached skill level 11 in Maces & Flails
  8446 | D:8      | Reached XP level 10. HP: 88/90 MP: 9/9
  8456 | D:8      | Killed Grum
  9043 | D:8      | Got a translucent cloak
  9061 | D:8      | Identified the cursed +0 cloak of Gallantry {*Slow rN+ MR+ SInv} (You found it on level 8 of the Dungeon)
  9474 | D:9      | Reached skill level 1 in Invocations
  9619 | D:9      | Reached **** piety under Makhleb
  9936 | D:9      | Noticed a death yak
  9938 | D:9      | Found a staircase to the Lair.
  9938 | D:9      | Noticed a death yak
  9939 | D:9      | Noticed a death yak
  9948 | D:9      | Killed a death yak
  9980 | D:9      | Killed a death yak
  9980 | D:9      | Reached skill level 12 in Maces & Flails
  9992 | D:9      | Killed a death yak
 10454 | D:9      | Reached XP level 11. HP: 89/99 MP: 12/12
 10715 | D:10     | Entered Level 10 of the Dungeon
 10783 | D:10     | Reached skill level 10 in Fighting
 10864 | D:10     | Reached skill level 10 in Shields
 11135 | D:10     | Reached skill level 13 in Maces & Flails
 11306 | D:10     | Reached ***** piety under Makhleb
 11493 | D:10     | Found a deep blue altar of Sif Muna.
 11493 | D:10     | Noticed an oklob plant
 11505 | D:10     | Found a staircase to the Orcish Mines.
 11582 | D:10     | Found Geniofai's Antique Armour Shoppe.
 11963 | Lair:1   | Entered Level 1 of the Lair of Beasts
 12339 | Lair:1   | Mangled by a komodo dragon

Vault maps used:
D:1:      wheals_arrival_shading
D:2:      makhleb_grotto_becter, first_ration, minivault_11
D:3:      uniq_natasha, uniq_ijyb
D:4:      chequers_temple_overflow_statue_of_worship,
          lemuel_zombie_altar_yredelemnul, serial_shops, nicolae_shop_trees,
          uniq_menkaure
D:5:      nicolae_dithmenos_shadow_blocks, minmay_temple_entry_enclosed_plants,
          serial_shops, shop, uniq_crazy_yiuf_cottage, uniq_blork_the_orc,
          uniq_prince_ribbit1, uniq_edmund
D:6:      basic_altar, trog_wizard
D:7:      kennysheep_steamy, serial_shops, nicolae_shop_crystal, the_bakery,
          uniq_joseph, uniq_duvessa
D:8:      nicolae_gozag_seed_capital, gammafunk_temple_overflow_elements,
          uniq_grum
D:9:      dpeg_lair_monsters, grunt_decor_one_mirror
D:10:     orc_0_dummy, serial_shops, nicolae_shop_waterfront, lemuel_oklob_altar
Temple:   minmay_temple_curvy_branch
Lair:1:   beast_lair_carwin_3

Skill      XL: |  1  2  3  4  5  6  7  8  9 10 11 |
---------------+----------------------------------+-----
Maces & Flails | 3 4 5 6 7 9 11 12 13 | 13.5
Fighting       | 4 5 6 7 8 9 10 | 10.4
Shields        | 4 5 6 7 8 9 10 | 10.4
Armour         | 4 5 6 7 8 9 |  9.0
Invocations    | 3 4 |  4.7

Action                   |  1- 3 |  4- 6 |  7- 9 | 10-12 || total
-------------------------+-------+-------+-------+-------++-------
Melee: Flail             |    95 |   164 |   310 |       ||   569
       Headbutt          |     9 |    20 |    64 |    56 ||   149
       Unarmed           |       |     4 |     3 |       ||     7
       Morningstar       |       |       |    60 |   349 ||   409
Throw: Throwing net      |     2 |       |       |       ||     2
Invok: Lesser Servant of |       |       |       |     3 ||     3
  Use: Scroll            |     3 |     2 |     9 |     5 ||    19
       Potion            |       |       |     2 |     2 ||     4
  Eat: Chunk             |     2 |     7 |     6 |    12 ||    27
       Ration            |       |       |     3 |       ||     3
Armor: Scale mail        |    31 |    61 |   117 |       ||   209
       Chain mail        |       |       |    16 |   138 ||   154
       Skin              |       |       |       |    15 ||    15
Dodge: Dodged            |    21 |    51 |    84 |    98 ||   254
Block: Shield            |    38 |    74 |   167 |   210 ||   489

Table legend:
 A = Spawn XP
 B = Non-spawn XP
 C = Spawn XP percentage of total XP
 D = Spawn monster count
 E = Non-spawn monster count
 F = Spawn count percentage of total count
 G = Total turns spent on level
                    A         B        C        D         E        F      G
               +---------+---------+-------+---------+---------+-------+---------
         Total |       0 |   16162 |   0.0 |       0 |     299 |   0.0 | 12339
               +---------+---------+-------+---------+---------+-------+---------
           D:1 |       0 |      38 |   0.0 |       0 |      23 |   0.0 |   502
           D:2 |       0 |      49 |   0.0 |       0 |      10 |   0.0 |   836
           D:3 |       0 |     298 |   0.0 |       0 |      35 |   0.0 |  1685
           D:4 |       0 |     650 |   0.0 |       0 |      27 |   0.0 |  1124
           D:5 |       0 |     788 |   0.0 |       0 |      13 |   0.0 |  1484
           D:6 |       0 |    1118 |   0.0 |       0 |      30 |   0.0 |  1109
           D:7 |       0 |    2034 |   0.0 |       0 |      32 |   0.0 |  1098
           D:8 |       0 |    1665 |   0.0 |       0 |      41 |   0.0 |  1369
           D:9 |       0 |    5239 |   0.0 |       0 |      48 |   0.0 |  1307
          D:10 |       0 |    2334 |   0.0 |       0 |      31 |   0.0 |  1220
        Lair:1 |       0 |    1949 |   0.0 |       0 |       9 |   0.0 |   376
               +---------+---------+-------+---------+---------+-------+---------
